 Dungeon Crawl Stone Soup version 0.30-a0-778-g2ef04afb54 (console) character file.

Game seed: 7035666894529864271

23 rlgrobin the Chopper (level 3, -4/31 HPs)
             Began as a Meteoran Fighter on Feb 17, 2023.
             Slain by Sigmund
             ... wielding a +2 scythe of pain
              (7 damage)
             ... on level 2 of the Dungeon.
             The game lasted 00:00:47 (130 turns).

rlgrobin the Chopper (Meteoran Fighter)              Turns: 130, Time: 00:00:48

Health: -4/31      AC:  6    Str: 20    XL:     3   Next: 29%
Magic:  4/4        EV:  9    Int:  9    God:
Gold:   0          SH:  0    Dex: 13    Spells: 2/2 levels left

rFire   . . .      SeeInvis .    a - +0 war axe
rCold   . . .      Faith    .    c - +0 buckler
rNeg    . . .      Spirit   .    b - +0 scale mail
rPois   .          Reflect  .    (no helmet)
rElec   .          Harm     .    (no cloak)
rCorr   .          Rampage  .    (no gloves)
Will    .....                    (no boots) Stlth
                                 (no amulet)
HPRegen 0.25/turn                (no ring)
MPRegen 0.09/turn                (no ring)

@: confused, mighty, glowing
A: sense surroundings 1, otherworldly, glowing, explore regen
a: no special abilities


You were on level 2 of the Dungeon.
You visited 1 branch of the dungeon, and saw 2 of its levels.

Inventory:

Hand Weapons
 a - a +0 war axe (weapon)
Armour
 b - a +0 scale mail (worn)
 c - a +0 buckler (worn)
Scrolls
 e - a scroll of poison {unknown}


   Skills:
 - Level 3.2 Fighting
 + Level 4.1 Axes
 - Level 3.6 Armour
 - Level 3.6 Shields


You had 2 spell levels left.
You didn't know any spells.
Your spell library was empty.

Dungeon Overview and Level Annotations

Branches:
Dungeon (2/15) Zot: 1060

Altars:

Annotations:
D:2 Sigmund


Innate Abilities, Weirdness & Mutations

You passively map a small area around you.
You are easily found by Zot.
You glow in the dark.
You regain HP and MP as you explore.


Message History

You miss the bat.
The bat is moderately wounded.
The bat barely misses you. The bat hits you but does no damage.
You slash the bat!
You kill the bat!
Found a scale mail and a robe.
Found a stone staircase leading down.
You see here a bat corpse.
Sigmund the Dreaded comes into view.
He is wielding a +2 scythe of pain and wearing a +0 robe of fire resistance.
Sigmund shouts!
Sigmund giggles. "Time to reap what you sow."
Sigmund points at you and mumbles some strange words.
You are confused.
Sigmund hits you from afar with a +2 scythe of pain!
You see here an amulet of the acrobat.
Sigmund hits you from afar with a +2 scythe of pain!
You bump into the rock wall.
Sigmund casts a spell at you. The magic dart hits you!
* * * LOW HITPOINT WARNING * * *
Sigmund hits you from afar with a +2 scythe of pain.
* * * LOW HITPOINT WARNING * * *
You writhe in agony.
* * * LOW HITPOINT WARNING * * *
You see here an amulet of the acrobat.
Okay, then.
You feel less confused.
Found a stone staircase leading up.
Sigmund says, "Now you see me, now you don't..."
Sigmund gestures at you while chanting. You resist with some effort.
You feel very mighty all of a sudden.
Sigmund points at you and mumbles some strange words.
You are confused.
You bump into the rock wall.
Sigmund hits you with a +2 scythe of pain.
You bump into the rock wall.
Sigmund hits you with a +2 scythe of pain!
* * * LOW HITPOINT WARNING * * *
Sigmund hits you with a +2 scythe of pain!
You die...

,, , #############.#
#...@.........#
#.######..####### #.#
#..##..... #.#
#..##.....
#####@######....†####
#...@......#.........
#######..[.!#..#.#.#.
* .........".#...
*#..#...........
#..#....##.#..# * #
......<#....[ *
....>.....#.##
..#.......#... ,
###.#.##.##*##


You could see Sigmund.

Vanquished Creatures
  2 adders (D:2)
  An endoplasm (D:2)
  A giant cockroach (D:2)
  A kobold (D:2)
  A bat (D:2)
6 creatures vanquished.

Notes
Turn   | Place    | Note
-------+----------+-------------------------------------------
     0 | D:1      | rlgrobin the Meteoran Fighter began the quest for the Orb.
     0 | D:1      | Reached XP level 1. HP: 19/19 MP: 2/2
    28 | D:2      | Reached skill level 3 in Axes
    28 | D:2      | Reached XP level 2. HP: 13/26 MP: 3/3
    31 | D:2      | Reached XP level 3. HP: 9/31 MP: 4/4
    42 | D:2      | Reached skill level 4 in Axes
   100 | D:2      | Noticed Sigmund
   106 | D:2      | HP: 1/31 [Sigmund/+2 scythe of pain (1)]
   130 | D:2      | Slain by Sigmund

Illustrated notes

Levels and vault maps discovered:
D:1:      dpeg_arrival_pits, layout_basic
D:2:      layout_basic, mrwooster_statue_mirror, uniq_sigmund

Skill      XL: |  1  2  3 |
---------------+----------+-----
Axes           | 3 4 |  4.1
Fighting       | |  3.2
Armour         | |  3.6
Shields        | |  3.6

Action                     || total
---------------------------++-------
  Melee: War axe           ||    23
    Use: Potion            ||     1
 Armour: Scale mail        ||    13
  Dodge: Dodged            ||     9
  Block: Buckler           ||     6

Table legend: (Time is in decaauts)
 A = Elapsed time spent in this place.
 B = Non-inter-level travel time spent in this place.
 C = Inter-level travel time spent in this place.
 D = Time resting spent in this place.
 E = Time spent auto-exploring this place.
 F = Levels seen in this place.
 G = Mean time per level.
                   A        B        C        D        E       F      G
               +--------+--------+--------+--------+--------+-----+--------+
         Total |    138 |    138 |      0 |      0 |      0 |   2 |   69.0 |
       Dungeon |    138 |    138 |      0 |      0 |      0 |   2 |   69.0 |
               +--------+--------+--------+--------+--------+-----+--------+

Top non-repeatable levels by time:
     D:2: 125 daAuts
     D:1: 13 daAuts
